 Dungeon Crawl Stone Soup version 0.20.0-15-g7f486f2 (webtiles) character file.

606 jerryfan the Chopper (level 7, -5/61 HPs)
             Began as a Hill Orc Monk on June 12, 2017.
             Was a Believer of Beogh.
             Killed from afar by an orc wizard (7 damage)
             ... with a magic dart
             ... on level 6 of the Dungeon.
             The game lasted 00:16:18 (3447 turns).

jerryfan the Chopper (Hill Orc Monk)                Turns: 3447, Time: 00:16:19

Health: -5/61      AC:  6    Str: 16    XL:     7   Next: 42%
Magic:  7/7        EV: 11    Int: 10    God:    Beogh [**....]
Gold:   301        SH:  0    Dex: 13    Spells: 6/6 levels left

rFire    . . .     SeeInvis .   a - +0 hand axe
rCold    . . .     Gourm    .   (no shield)
rNeg     . . .     Faith    .   r - +0 scale mail
rPois    .         Spirit   .   (no helmet)
rElec    .         Reflect  .   (no cloak)
rCorr    .         Harm     .   (no gloves)
MR       .....                  (no boots)
Stlth    +.........             k - amulet of regeneration
Regen    0.6/turn               (no ring)
MPRegen  0.1/turn               (no ring)

@: no status effects
A: no striking features
a: Smiting, Renounce Religion


You were on level 6 of the Dungeon.
You worshipped Beogh.
Beogh was pleased with you.
You were hungry.

You visited 1 branch of the dungeon, and saw 6 of its levels.

You collected 301 gold pieces.

Inventory:

Hand Weapons
 a - a +0 hand axe (weapon)
 j - a cursed +0 long sword
 q - a +1 whip of venom
 u - a +0 war axe
Missiles
 s - 6 tomahawks of returning (quivered)
Armour
 b - a +0 robe
 m - a +0 leather armour
 r - a +0 scale mail (worn)
Jewellery
 k - an amulet of regeneration (around neck)
Wands
 x - a wand of polymorph (3/24)
Scrolls
 d - a scroll of identify {unknown}
 e - 2 scrolls of random uselessness
 f - a scroll of enchant weapon
 g - 3 scrolls of remove curse
 i - a scroll of noise
 l - a scroll of magic mapping {unknown}
 v - a scroll of holy word {unknown}
Books
 h - a book of Geomancy

   Spells                             Type                      Level
   a - Sandblast                      Earth                        1
   b - Passwall                       Transmutation/Earth          2
   c - Stone Arrow                    Conjuration/Earth            3
   d - Petrify                        Transmutation/Earth          4
   e - Lee's Rapid Deconstruction     Earth                        5
Comestibles
 c - 2 bread rations
 o - a fruit
 p - a royal jelly


   Skills:
 + Level 5.0 Fighting
 + Level 7.7 Axes
 + Level 3.2 Armour
 + Level 3.8 Dodging
 + Level 2.1 Stealth


You had 6 spell levels left.
You didn't know any spells.

Dungeon Overview and Level Annotations

Branches:
Dungeon (6/15)             Temple (0/1) D:5

Altars:
Dithmenos
Elyvilon

Annotations:
D:3 michaelterrence's ghost, weakling HOFi
D:5 Grinder


Message History

The orc warrior is severely wounded.
You barely miss the orc wizard. The orc warrior hits you with a flail!!
* * * LOW HITPOINT WARNING * * *
The orc wizard hits you but does no damage.
You hit the orc warrior but do no damage.
The orc warrior is severely wounded.
You hit the orc wizard. The orc warrior hits you with a flail.
* * * LOW HITPOINT WARNING * * *
You closely miss the orc warrior.
The orc warrior is severely wounded.
You hit the orc wizard.
The orc wizard gestures at you while chanting.
You resist with some effort.
You hit the orc warrior but do no damage.
The orc warrior is severely wounded.
You barely miss the orc wizard. The orc warrior closely misses you.
The orc wizard gestures at you while chanting.
The magic dart hits you!
You die...
Beogh appreciates the orc wizard's killing of a heretic priest.

...)#.#
#.....
#....#
#....#
#....##
#.....#
#))...#
#@o$..#
#)o...#
#####.#
#


You could see an orc warrior and an orc wizard.

Vanquished Creatures
  An ogre (D:5)
  2 centaurs (D:5)
  A crimson imp (D:5)
  2 hounds
  An orc priest (D:5)
  An iguana (D:5)
  A worker ant (D:4)
  Robin (D:4)
  6 adders
  2 shadow imps (D:5)
  An ooze (D:1)
  3 worms
  6 leopard geckos
  13 orcs
  A giant cockroach (D:2)
  10 goblins
  13 hobgoblins
  A quokka (D:3)
  6 bats
  4 frilled lizards
  11 kobolds
  A quokka skeleton (D:6)
  4 rats
92 creatures vanquished.

Vanquished Creatures (others)
  3 orc priests (D:5)
  A shadow imp (D:5)
  4 orcs (D:5)
  14 toadstools (D:6)
22 creatures vanquished.

Grand Total: 114 creatures vanquished

Notes
Turn   | Place    | Note
-------+----------+-------------------------------------------
     0 | D:1      | jerryfan the Hill Orc Monk began the quest for the Orb.
     0 | D:1      | Reached XP level 1. HP: 19/19 MP: 1/1
   144 | D:1      | Reached XP level 2. HP: 23/27 MP: 2/2
   796 | D:2      | Reached XP level 3. HP: 27/33 MP: 3/3
  1067 | D:3      | Noticed an ogre
  1102 | D:3      | Noticed michaelterrence's ghost (weakling HOFi)
  1196 | D:3      | Reached XP level 4. HP: 40/40 MP: 4/4
  1198 | D:3      | Reached skill level 5 in Axes
  1565 | D:4      | Reached XP level 5. HP: 44/46 MP: 5/5
  1745 | D:4      | Noticed Robin
  1798 | D:4      | Found a shadowy altar of Dithmenos.
  2214 | D:4      | Reached skill level 1 in Armour
  2221 | D:4      | Killed Robin
  2221 | D:4      | Reached skill level 6 in Axes
  2727 | D:5      | Entered Level 5 of the Dungeon
  2813 | D:5      | Reached XP level 6. HP: 53/53 MP: 6/6
  2908 | D:5      | Found a staircase to the Ecumenical Temple.
  2941 | D:5      | Reached skill level 7 in Axes
  2941 | D:5      | HP: 1/79 [ogre/giant club (8)]
  2945 | D:5      | Reached XP level 7. HP: 16/60 MP: 7/7
  3235 | D:5      | Found a white marble altar of Elyvilon.
  3235 | D:5      | Noticed Grinder
  3236 | D:5      | Became a worshipper of Beogh the Brigand
  3236 | D:5      | Reached * piety under Beogh
  3236 | D:5      | Reached ** piety under Beogh
  3287 | D:5      | Paralysed by Grinder for 4 turns
  3298 | D:5      | Paralysed by Grinder for 4 turns
  3340 | D:5      | HP: 2/60 [orc priest/divine providence (11)]
  3434 | D:6      | Reached skill level 5 in Fighting
  3445 | D:6      | HP: 1/61 [orc warrior/flail (5)]
  3447 | D:6      | Killed from afar by an orc wizard

Skill      XL: |  1  2  3  4  5  6  7 |
---------------+----------------------+-----
Fighting       | 4 5 |  5.0
Dodging        | 3 |  3.8
Axes           | 5 6 7 |  7.7
Stealth        | 2 |  2.1
Armour         | 1 2 3 |  3.2

Action                   |  1- 3 |  4- 6 |  7- 9 || total
-------------------------+-------+-------+-------++-------
Melee: Hand axe          |   165 |   183 |    92 ||   440
Invok: Convert to Beogh  |       |       |     1 ||     1
  Use: Potion            |     3 |     4 |     4 ||    11
       Scroll            |       |       |     5 ||     5
 Stab: Sleeping          |     1 |       |       ||     1
  Eat: Chunk             |     1 |     6 |     1 ||     8
Armor: Robe              |    38 |       |       ||    38
       Leather armour    |    11 |     8 |       ||    19
       Skin              |     4 |    17 |    25 ||    46
       Scale mail        |       |    55 |    19 ||    74
Dodge: Dodged            |   136 |   109 |    32 ||   277
